 Dungeon Crawl Stone Soup version 0.18-a0-1774-gce1f7b6 (webtiles) character file.

87 epen the Slasher (level 4, -2/39 HPs)
             Began as a Naga Gladiator on Apr 15, 2016.
             Slain by a gnoll
             ... wielding a +0 spear
              (8 damage)
             ... on level 3 of the Dungeon.
             The game lasted 00:02:41 (1647 turns).

epen the Slasher (Naga Gladiator)                   Turns: 1647, Time: 00:02:42

Health: -2/39      AC:  5    Str: 18    XL:     4   Next: 51%
Magic:  4/4        EV: 10    Int:  8    God:
Gold:   52         SH:  0    Dex: 12    Spells: 0 memorised, 3 levels left

rFire  . . .     SeeInvis +     a - +0 long sword
rCold  . . .     Gourm    .     b - +0 leather armour
rNeg   . . .     Faith    .     (no shield)
rPois  +         Spirit   .     c - +1 helmet
rElec  .         Dismiss  .     n - +0 cloak
rCorr  .         Reflect  .     (no gloves)
SustAt .         Harm     .     (no barding)
MR     .....                    (no amulet)
Stlth  ++........               (no ring)
                                (no ring)

@: short of breath, very slow, not resistant to hostile enchantments, unstealthy
A: see invisible, deformed body, poison resistance, slowness 2, slow metabolism
1, spit poison 2, AC +1
a: Spit Poison


You were on level 3 of the Dungeon.
You were not hungry.

You visited 1 branch of the dungeon, and saw 3 of its levels.

You collected 52 gold pieces.

Inventory:

Hand Weapons
 a - a +0 long sword (weapon)
Missiles
 d - 3 throwing nets (quivered)
Armour
 b - a +0 leather armour (worn)
 c - a +1 helmet (worn)
 n - a +0 cloak (worn)
Scrolls
 e - a scroll of teleportation {unknown}
 p - a scroll of identify {unknown}
Potions
 g - a potion of curing {unknown}
 h - a potion of might {unknown}
 i - 2 potions of cancellation {unknown}
 j - 2 potions of beneficial mutation {unknown}
 l - a potion of magic {unknown}
 o - a potion of lignification {unknown}
 q - a potion of mutation {unknown}
Comestibles
 f - 4 bread rations
 k - a meat ration
 m - a slice of pizza


   Skills:
 - Level 2.0 Fighting
 * Level 4.0 Long Blades
 - Level 1.7 Throwing
 * Level 3.2 Dodging
 + Level 2.7 Stealth


You had 3 spell levels left.
You didn't know any spells.

Dungeon Overview and Level Annotations

Branches:
Dungeon (3/15)

Altars:
Ru


Innate Abilities, Weirdness & Mutations

You cannot wear boots.
Your serpentine skin is tough (AC +1).
You have supernaturally acute eyesight.
Armour fits poorly on your strangely shaped body.
Your system is resistant to poisons.
You cover ground very slowly.
You have a slow metabolism.
You can spit poison.


Message History

The splash of poison hits the gnoll.
The gnoll is almost dead.
You feel slightly more hungry. The gnoll hits you.
The gnoll hits you from afar with a spear.
You hit the gnoll.
You kill the gnoll!
Your Long Blades skill increases to level 4!
The gnoll hits you from afar with a spear.
* * * LOW HITPOINT WARNING * * *
The gnoll hits you but does no damage. The gnoll closely misses you.
You see here a gnoll corpse.
You hit the gnoll.
The gnoll is lightly wounded.
You have got your breath back.
The gnoll closely misses you.
Press: ? - help, Shift-Dir - straight line, f/p - gnoll
Aim: a gnoll, wielding a spear (lightly wounded)
The splash of poison misses the gnoll.
You feel slightly more hungry. The gnoll hits you with a spear!
You die...

###.# .(#.#
#.#.####
#.#[...#
####.#.##.#
#.......#.#
#.##...<..#
#.#########
#@###.....#
#g#.ggg...#
#.#.#.#####
#...#.#
#...#.#
.....#.#
#.#...#.#
.........#
.######.###


You could see a gnoll.

Vanquished Creatures
  3 gnolls (D:3)
  An adder (D:2)
  An ooze (D:2)
  2 dart slugs (D:1)
  2 giant geckos
  3 giant cockroaches (D:1)
  4 hobgoblins
  4 kobolds
  A ball python (D:1)
  6 bats (D:1)
  A giant newt (D:1)
  6 goblins
  8 rats
42 creatures vanquished.

Notes
Turn   | Place    | Note
--------------------------------------------------------------
     0 | D:1      | epen the Naga Gladiator began the quest for the Orb.
     0 | D:1      | Reached XP level 1. HP: 19/19 MP: 1/1
    49 | D:1      | Reached skill level 1 in Stealth
    85 | D:1      | Reached XP level 2. HP: 14/26 MP: 2/2
   696 | D:1      | Reached XP level 3. HP: 32/32 MP: 3/3
  1159 | D:2      | Found a sacrificial altar of Ru.
  1610 | D:3      | Reached XP level 4. HP: 39/39 MP: 4/4
  1644 | D:3      | Reached skill level 4 in Long Blades
  1647 | D:3      | Slain by a gnoll

Vault maps used:
D:1:      dpeg_arrival_refuge, st_stairs_12
D:2:      lemuel_crystal_altar
D:3:      overflow_temple_1_default, first_bread, serial_glass, glass_columns_b,
          glass_columns_b

Skill      XL: |  1  2  3  4 |
---------------+-------------+-----
Stealth        | 1 2 |  2.7
Dodging        | 3 |  3.2
Long Blades    | 4 |  4.0
Fighting       | |  2.0
Throwing       | |  1.7

Action                   |  1- 3 |  4- 6 || total
-------------------------+-------+-------++-------
Melee: Long sword        |   105 |    14 ||   119
 Abil: Spit Poison       |       |     4 ||     4
  Use: Scroll            |     5 |       ||     5
 Stab: Sleeping          |     3 |       ||     3
  Eat: Chunk             |     1 |     1 ||     2
Armor: Leather armour    |    45 |     5 ||    50
Dodge: Dodged            |    60 |    14 ||    74
